 Dungeon Crawl Stone Soup version 0.30-a0-722-g3e6e8c874d (webtiles) character file.

Game seed: 7139678733041505461

4 theblackgale the Ruffian (level 1, -2/16 HPs)
             Began as a Draconian Transmuter on Jan 27, 2023.
             Slain by an adder (3 damage)
             ... on level 2 of the Dungeon.
             The game lasted 00:01:12 (160 turns).

theblackgale the Ruffian (Draconian Transmuter)      Turns: 160, Time: 00:01:13

Health: -2/16      AC:  4    Str: 12    XL:     1   Next: 50%
Magic:  3/3        EV: 12    Int: 13    God:
Gold:   18         SH:  0    Dex: 11    Spells: 3/4 levels left

rFire   . . .      SeeInvis .    c - +0 morningstar
rCold   . . .      Faith    .    (no shield)
rNeg    . . .      Spirit   .    (body armour unavailable)
rPois   .          Reflect  .    (helmet restricted)
rElec   .          Harm     .    (no cloak)
rCorr   .          Rampage  .    (no gloves)
Will    .....                    (no boots)
Stlth   +                        (no amulet)
HPRegen 0.22/turn                (no ring)
MPRegen 0.08/turn                (no ring)

@: lethally poisoned (-2 -> -9)
A: AC +4, unfitting armour, cold-blooded
a: no special abilities


You were on level 2 of the Dungeon.
You visited 1 branch of the dungeon, and saw 2 of its levels.

You collected 18 gold pieces.

Inventory:

Hand Weapons
 c - a +0 morningstar (weapon)
Potions
 a - a potion of lignification
 b - a potion of cancellation {unknown}


   Skills:
 + Level 1.1 Fighting
 + Level 1.8 Dodging
 + Level 3.2 Unarmed Combat
 + Level 2.0 Spellcasting
 + Level 2.0 Transmutations


You had 3 spell levels left.
You knew the following spells:

 Your Spells              Type           Power      Damage    Failure   Level
a - Beastly Appendage     Tmut           12%        N/A       11%         1

Your spell library contained the following spells:

 Spells                   Type           Power      Damage    Failure   Level
 Wereblood                Tmut           6%         N/A       17%         2
 Spider Form              Tmut/Pois      3%         N/A       45%         3
 Ice Form                 Ice/Tmut       3%         N/A       86%         4


Dungeon Overview and Level Annotations

Branches:
Dungeon (2/15)

Altars:


Innate Abilities, Weirdness & Mutations

Your plain brown scales are hard. (AC +4)
You cannot fit into any form of body armour.
You are cold-blooded and may be slowed by cold attacks.


Message History

A bat comes into view.
A bat is nearby!
A bat is nearby!
A kobold and an adder come into view.
The kobold shouts!
The kobold moves out of view.
The bat hits you but does no damage.
A dart slug comes into view.
The bat hits you but does no damage. The bat misses you.
You see here a +0 morningstar.
c - a +0 morningstar (weapon)
You hit the bat.
Your tail-slap misses the bat.
The bat is heavily wounded.
The bat hits you but does no damage. The adder bites you.
The bat closely misses you. The adder barely misses you.
You barely miss the kobold. The bat barely misses you.
The adder barely misses you. The adder bites you.
The kobold closely misses you.
You closely miss the kobold. The adder closely misses you.
The bat hits you but does no damage. The kobold barely misses you.
The adder bites you.
You are poisoned.
The adder poisons you! The bat hits you but does no damage.
The kobold barely misses you.
You miss the kobold.
You feel very sick. The bat closely misses you. The adder misses you.
The bat closely misses you. The kobold hits you but does no damage.
The adder closely misses you. The adder attacks as you move away!
The adder bites you but does no damage. The kobold attacks as you move away!
The kobold misses you.
* * * LOW HITPOINT WARNING * * *
You feel sick. The bat barely misses you. The adder attacks as you move away!
The adder bites you.
* * * LOW HITPOINT WARNING * * *
You are more poisoned.
The adder poisons you!
* * * LOW HITPOINT WARNING * * *
You feel sick. The adder bites you.
You die...

. ##. #.. #.# #.#
#.# #.# ##@## ###
#KS.# #.. #.b.#
#.# ##.w.## ##.#
#.....# ..#
#.#.#.## #.#
#..#.#..### ##.#
...##.##...####
#... ..##
...###....#####.##


You could see an adder, a dart slug, a bat and a kobold.

Vanquished Creatures
  2 endoplasms (D:1)
  A giant cockroach (D:1)
3 creatures vanquished.

Notes
Turn   | Place    | Note
-------+----------+-------------------------------------------
     0 | D:1      | theblackgale the Draconian Transmuter began the quest for
                  | the Orb.
     0 | D:1      | Reached XP level 1. HP: 16/16 MP: 3/3
   160 | D:2      | Slain by an adder

Illustrated notes

Levels and vault maps discovered:
D:1:      wander_arrival_lonely_grave, layout_basic
D:2:      minmay_general_purpose_star, layout_rooms, uniq_sigmund, uniq_terence,
          uniq_robin

Action                     || total
---------------------------++-------
  Melee: Unarmed           ||    13
         Morningstar       ||     4
         Tailslap          ||     4
         Punch             ||     1
 Armour: Skin              ||     8
  Dodge: Dodged            ||    25

Table legend: (Time is in decaauts)
 A = Elapsed time spent in this place.
 B = Non-inter-level travel time spent in this place.
 C = Inter-level travel time spent in this place.
 D = Time resting spent in this place.
 E = Time spent auto-exploring this place.
 F = Levels seen in this place.
 G = Mean time per level.
                   A        B        C        D        E       F      G
               +--------+--------+--------+--------+--------+-----+--------+
         Total |    163 |    148 |     15 |      0 |      0 |   2 |   81.5 |
       Dungeon |    163 |    148 |     15 |      0 |      0 |   2 |   81.5 |
               +--------+--------+--------+--------+--------+-----+--------+

Top non-repeatable levels by time:
     D:1: 107 daAuts
     D:2: 55 daAuts
